 Dungeon Crawl Stone Soup version 0.22-a0-571-g4a923d4 (webtiles) character file.

14679 nikopol the Thaumaturge (level 11, -1/55 HPs)
             Began as a Deep Elf Fire Elementalist on June 30, 2018.
             Was a High Priest of Vehumet.
             Killed from afar by a rime drake (18 damage)
             ... with a flash freeze
             ... on level 2 of the Lair of Beasts on July 1, 2018.
             The game lasted 00:56:13 (12186 turns).

nikopol the Thaumaturge (DEFE)                     Turns: 12186, Time: 00:56:14

Health: -1/55      AC:  6    Str:  5    XL:     11   Next: 91%
Magic:  10/31      EV: 14    Int: 24    God:    Vehumet [*****.]
Gold:   234        SH:  0    Dex: 15    Spells: 18/38 levels left

rFire    . . .     SeeInvis .   x - +1 dagger (distort)
rCold    . . .     Gourm    .   (no shield)
rNeg     . . .     Faith    .   a - +0 robe
rPois    +         Spirit   .   y - +0 helmet
rElec    .         Reflect  .   o - +0 cloak
rCorr    .         Harm     .   g - +0 pair of gloves
MR       +....                  t - +0 pair of boots
Stlth    ++++......             q - amulet of regeneration
HPRegen  0.58/turn              e - ring of poison resistance
MPRegen  0.22/turn              L - ring of stealth

@: no status effects
A: no striking features
a: Renounce Religion


You were on level 2 of the Lair of Beasts.
You worshipped Vehumet.
Vehumet was extremely pleased with you.
You were hungry.

You visited 3 branches of the dungeon, and saw 13 of its levels.
You also visited: Ossuary.

You collected 689 gold pieces.
You spent 455 gold pieces at shops.

Inventory:

Hand Weapons
 x - a +1 dagger of distortion (weapon)
Armour
 a - a +0 robe (worn)
 g - a +0 pair of gloves (worn)
 o - a +0 cloak (worn)
 t - a +0 pair of boots (worn)
 y - a +0 helmet (worn)
Jewellery
 e - a ring of poison resistance (left hand)
 q - an amulet of regeneration (around neck)
 L - a ring of stealth (right hand)
Wands
 h - a wand of iceblast (26)
 v - a wand of polymorph (20)
 C - a wand of flame (18)
 E - a wand of clouds (5)
Scrolls
 f - 11 scrolls of remove curse
 j - 5 scrolls of magic mapping
 p - a scroll of teleportation
 r - 3 scrolls of fog {unknown}
 u - a scroll of random uselessness {unknown}
 w - a scroll of enchant armour {unknown}
 D - 3 scrolls of amnesia {unknown}
 F - a scroll of torment {unknown}
 G - a scroll of noise {unknown}
 H - a scroll of fear {unknown}
 J - a scroll of holy word {unknown}
 N - a scroll of enchant weapon {unknown}
Potions
 b - 6 potions of curing
 d - a potion of mutation {unknown}
 i - 4 potions of flight
 k - 3 potions of might
 l - 3 potions of haste
 m - a potion of cancellation {unknown}
 n - 3 potions of heal wounds
 s - 2 potions of ambrosia {unknown}
 z - 3 potions of lignification {unknown}
 A - 2 potions of agility
 B - 2 potions of invisibility {unknown}
 I - a potion of degeneration {unknown}
 M - a potion of magic
Comestibles
 c - 15 rations
 K - 4 chunks of flesh


   Skills:
 + Level 0.9 Fighting
 + Level 4.3 Dodging
 + Level 4.8 Stealth
 + Level 14.2 Spellcasting
 + Level 11.4 Conjurations
 + Level 12.2 Fire Magic


You had 18 spell levels left.
You knew the following spells:

 Your Spells              Type           Power        Failure   Level  Hunger
a - Flame Tongue          Conj/Fire      #####        1%          1    None
b - Throw Flame           Conj/Fire      ######       1%          2    None
c - Conjure Flame         Conj/Fire      ######..     1%          3    None
d - Sticky Flame          Conj/Fire      ######..     1%          4    None
e - Fireball              Conj/Fire      ######....   1%          5    ##.....
f - Lightning Bolt        Conj/Air       #####.....   2%          5    ##.....

Your spell library contained the following spells:

 Spells                   Type           Power        Failure   Level  Hunger
 Regeneration             Chrm/Necr      ###.......   11%         3    None
 Shock                    Conj/Air       ####         1%          1    None
 Swiftness                Chrm/Air       ###.....     5%          2    None
 Airstrike                Air            ###.......   10%         4    None
 Static Discharge         Conj/Air       #####...     1%          3    None
 Shroud of Golubria       Chrm/Tloc      ###.......   5%          2    None
 Inner Flame              Hex/Fire       #####...     1%          3    None
 Infusion                 Chrm           ###.         3%          1    None
 Song of Slaying          Chrm           ###.....     5%          2    None
 Spectral Weapon          Hex/Chrm       ###.....     11%         3    None


Dungeon Overview and Level Annotations

Branches:
Dungeon (10/15)            Temple (1/1) D:4            Lair (2/6) D:9
  Swamp: Lair:2-4    Shoals: Lair:2-4     Snake: Lair:2-4    Spider: Lair:2-4
    Orc: D:9-12

Altars:
Dithmenos
Hepliaklqana
Kikubaaqudgha
Makhleb
Nemelex Xobeh
Okawaru
Ru
Vehumet
Wu Jian
Xom

Shops:
D:4 :}


Message History

The fireball explodes!
The fireball engulfs the rime drake.
The rime drake is almost dead.
The fireball engulfs the steam dragon.
The steam dragon is moderately wounded.
You hear an angry hiss. x2
Casting: Fireball (safe; 1% risk of failure)
Confirm with . or Enter, or press ? or * to list all spells.
Aiming: Fireball (safe; 1% risk of failure)
Press: ? - help, Shift-Dir - straight line, f/p - rime drake
Aim: a rime drake (almost dead, catching its breath)
The fireball explodes!
The fireball engulfs the rime drake.
You kill the rime drake!
Vehumet accepts your kill.
You feel your power returning.
The fireball engulfs the steam dragon.
The steam dragon is almost dead.
The ice encasing you melts away.
You hear an angry hiss.
The rime drake breathes ice at you. The flash freeze hits you!
You die...

#.. ....8≈...#. #..
##k.†....#. #..
#..#.D.... #..
#....†..≈# #.. #.#....≈#
### #.......# # #......#
# ###....@# #
#.......######### ######
...........#.#..###.#.#(
.......††[÷÷............
####..####†#..#########.
### ###### ##


You could see a rime drake and a steam dragon.

Vanquished Creatures
  A hydra (Lair:1)
  Erica (D:8)
  An elephant (D:9)
  A black mamba (Lair:2)
  Maurice (D:8)
  2 spiny frogs (Lair:1)
  A gargoyle (D:9)
  7 rime drakes (Lair:2)
  2 komodo dragons (Lair:1)
  A polar bear (D:10)
  A queen bee (D:8)
  7 blink frogs
  3 hippogriffs
  5 yaks
  A hungry ghost (D:10)
  6 steam dragons (Lair:2)
  3 water moccasins
  4 porcupines
  2 orc warriors
  An ice beast (D:8)
  A black bear (D:9)
  A necrophage (D:9)
  2 phantoms (D:8)
  6 ogres
  2 centaurs
  3 crocodiles
  An elf zombie (Ossuary)
  6 bullfrogs
  A water moccasin zombie (D:9)
  2 scorpions (D:7)
  18 killer bees
  A water moccasin skeleton (D:7)
  3 howler monkeys
  A crimson imp (D:9)
  3 hounds
  4 centaur zombies
  3 jellies
  Crazy Yiuf (D:2)
  A bullfrog zombie (D:5)
  7 orc wizards
  2 human zombies (Ossuary)
  4 orc priests
  8 iguanas
  A bullfrog skeleton (D:8)
  4 worker ants
  A killer bee zombie (D:7)
  A big kobold zombie (Ossuary)
  A bullfrog simulacrum (D:10)
  A centaur simulacrum (D:10)
  2 hound skeletons
  2 mummies (Ossuary)
  11 adders
  17 gnolls
  3 shadow imps
  An ooze (D:1)
  2 adder zombies
  An adder skeleton (D:9)
  2 dart slugs (D:3)
  2 worms
  3 leopard geckos
  17 orcs
  2 ball pythons
  4 giant cockroaches
  6 goblins
  A hobgoblin (D:1)
  14 jackals
  4 quokkas
  6 bats
  3 frilled lizards
  A giant cockroach zombie (D:5)
  7 hobgoblin zombies (Ossuary)
  A jackal zombie (Ossuary)
  11 kobolds
  11 kobold zombies (Ossuary)
  A leopard gecko skeleton (D:7)
  7 orc zombies (Ossuary)
  A quokka zombie (D:9)
  4 rats
  3 rat zombies (Ossuary)
291 creatures vanquished.

Vanquished Creatures (others)
  2 fungi
  A plant (Lair:1)
3 creatures vanquished.

Grand Total: 294 creatures vanquished

Notes
Turn   | Place    | Note
-------+----------+-------------------------------------------
     0 | D:1      | nikopol the Deep Elf Fire Elementalist began the quest for the Orb.
     0 | D:1      | Reached XP level 1. HP: 10/10 MP: 6/6
   106 | D:1      | Reached XP level 2. HP: 13/15 MP: 1/8
   731 | D:2      | Reached XP level 3. HP: 19/19 MP: 8/10
   735 | D:2      | Learned a level 2 spell: Throw Flame
   739 | D:2      | Learned a level 3 spell: Conjure Flame
  1049 | D:2      | Found a runed door.
  1053 | D:2      | Noticed Crazy Yiuf
  1063 | D:2      | Killed Crazy Yiuf
  1063 | D:2      | Reached skill level 4 in Spellcasting
  1063 | D:2      | Reached XP level 4. HP: 24/24 MP: 0/12
  1069 | D:2      | Learned a level 4 spell: Sticky Flame
  1892 | D:3      | Reached skill level 5 in Spellcasting
  1892 | D:3      | Reached XP level 5. HP: 28/28 MP: 5/14
  2396 | D:3      | Reached XP level 6. HP: 32/32 MP: 6/16
  2515 | D:3      | Reached skill level 6 in Spellcasting
  3230 | D:4      | Found a staircase to the Ecumenical Temple.
  3243 | Temple   | Entered the Ecumenical Temple
  3316 | Temple   | Became a worshipper of Vehumet
  3352 | D:4      | Found Bien Guo's Book Shoppe.
  3489 | D:4      | Reached skill level 5 in Fire Magic
  3615 | D:4      | You fall through a shaft for 3 floors!
  3673 | D:6      | Found a sand-covered staircase.
  3692 | Ossuary  | Entered an ossuary
  4290 | Ossuary  | Reached * piety under Vehumet
  4290 | Ossuary  | Offered knowledge of Magic Dart by Vehumet.
  4305 | Ossuary  | Reached XP level 7. HP: 21/36 MP: 1/19
  4496 | Ossuary  | Reached skill level 7 in Spellcasting
  4940 | D:6      | Learned a level 5 spell: Fireball
  4978 | D:6      | Reached skill level 8 in Spellcasting
  5121 | D:6      | Reached skill level 5 in Conjurations
  5214 | D:5      | Entered Level 5 of the Dungeon
  5249 | D:5      | Reached XP level 8. HP: 30/41 MP: 16/22
  5545 | D:5      | Found a radiant altar of Vehumet.
  5678 | D:5      | Reached ** piety under Vehumet
  5684 | D:5      | Offered knowledge of Sting by Vehumet.
  5973 | D:4      | Found Zeitt's Gadget Shop.
  6373 | D:6      | You fall through a shaft!
  6395 | D:7      | Reached skill level 9 in Spellcasting
  6553 | D:7      | Found an iron altar of Okawaru.
  7135 | D:8      | Reached skill level 10 in Spellcasting
  7135 | D:8      | Reached XP level 9. HP: 45/45 MP: 13/25
  7367 | D:8      | Offered knowledge of Static Discharge by Vehumet.
  7490 | D:8      | Upgraded the game from 0.22-a0-570-g58866f5 to 0.22-a0-571-g4a923d4
  7602 | D:8      | Noticed Maurice
  7609 | D:8      | Reached *** piety under Vehumet
  7616 | D:8      | Noticed a queen bee
  7619 | D:8      | Noticed Erica
  7621 | D:8      | Reached skill level 11 in Spellcasting
  7637 | D:8      | Killed a queen bee
  7639 | D:8      | Killed Erica
  7692 | D:8      | Killed Maurice
  7692 | D:8      | Reached skill level 12 in Spellcasting
  7692 | D:8      | Reached XP level 10. HP: 37/50 MP: 2/28
  7887 | D:8      | Found a sacrificial altar of Ru.
  8117 | D:8      | Offered knowledge of Fulminant Prism by Vehumet.
  8832 | D:9      | Noticed an elephant
  8852 | D:9      | Killed an elephant
  8856 | D:9      | Reached skill level 10 in Fire Magic
  8858 | D:9      | Reached **** piety under Vehumet
  9239 | D:9      | Noticed a gargoyle
  9252 | D:9      | Killed a gargoyle
  9252 | D:9      | Offered knowledge of Bolt of Draining by Vehumet.
  9649 | D:4      | Bought a book of Air for 455 gold pieces
  9655 | D:4      | Learned a level 5 spell: Lightning Bolt
  9811 | D:9      | Found a staircase to the Lair.
 10250 | D:10     | Entered Level 10 of the Dungeon
 10252 | D:10     | Reached skill level 13 in Spellcasting
 10515 | Lair:1   | Entered Level 1 of the Lair of Beasts
 10542 | Lair:1   | Noticed a spiny frog
 10546 | Lair:1   | Killed a spiny frog
 10546 | Lair:1   | Reached skill level 10 in Conjurations
 10546 | Lair:1   | Reached XP level 11. HP: 55/55 MP: 12/30
 10865 | Lair:1   | Noticed a four-headed hydra
 10926 | Lair:1   | Reached ***** piety under Vehumet
 10936 | Lair:1   | Killed a four-headed hydra
 11761 | Lair:2   | Offered knowledge of Yara's Violent Unravelling by Vehumet.
 12018 | Lair:2   | Reached skill level 14 in Spellcasting
 12186 | Lair:2   | Killed from afar by a rime drake

Vault maps used:
D:1:      dpeg_arrival_pits
D:2:      kennysheep_generic_room_10, uniq_crazy_yiuf_cottage
D:4:      minmay_temple_entry_mist, serial_shops, shop, shop
D:5:      first_ration, serial_curves, eino_curves_02, eino_curves_02,
          eino_curves_02, vehumet_altar_wand_db
D:6:      enter_ossuary_3
D:7:      okawaru_gym_becter
D:8:      basic_altar, david_nohive_1, uniq_erica, uniq_maurice
D:9:      david_lair_generic, minmay_misc_feat_rows, minmay_joined_circles
D:10:     serial_ice, serial_ice_g, serial_ice_a, serial_ice_j, serial_ice_d,
          serial_ice_o, serial_ice_m, serial_ice_h, serial_ice_n, serial_ice_c,
          serial_ice_e, minmay_beelzebubs_servants, uniq_urug
Temple:   roderic_octagonal_lattice_temple
Lair:2:   bobbens_dragon_lair_wall, grunt_megastairs_3
Ossuary:  ossuary_tomb_1

Skill      XL: |  1  2  3  4  5  6  7  8  9 10 11 |
---------------+----------------------------------+-----
Fire Magic     | 4 5 6 7 9 10 12 | 12.2
Spellcasting   | 4 5 6 8 10 12 13 14 | 14.2
Conjurations   | 2 3 4 5 6 7 10 11 | 11.4
Stealth        | 3 4 |  4.8
Dodging        | 3 4 |  4.3
Fighting       | |  0.9

Action                   |  1- 3 |  4- 6 |  7- 9 | 10-12 || total
-------------------------+-------+-------+-------+-------++-------
Melee: Unarmed           |       |       |     2 |     4 ||     6
 Cast: Flame Tongue      |    47 |   156 |   229 |   212 ||   644
       Throw Flame       |     2 |     6 |    10 |     9 ||    27
       Conjure Flame     |     1 |     2 |     9 |    14 ||    26
       Sticky Flame      |       |     6 |    23 |    26 ||    55
       Fireball          |       |       |     4 |    39 ||    43
       Lightning Bolt    |       |       |       |     3 ||     3
  Use: Scroll            |       |     9 |     1 |     3 ||    13
       Potion            |       |       |     1 |       ||     1
  Eat: Chunk             |       |     8 |    11 |    13 ||    32
       Ration            |       |     1 |       |     1 ||     2
Armor: Robe              |     2 |    10 |     8 |    14 ||    34
Dodge: Dodged            |     8 |    32 |    41 |    54 ||   135

Table legend:
 A = Spawn XP
 B = Non-spawn XP
 C = Spawn XP percentage of total XP
 D = Spawn monster count
 E = Non-spawn monster count
 F = Spawn count percentage of total count
 G = Total turns spent on level
                    A         B        C        D         E        F      G
               +---------+---------+-------+---------+---------+-------+---------
         Total |       0 |   20971 |   0.0 |       0 |     291 |   0.0 | 12186
               +---------+---------+-------+---------+---------+-------+---------
           D:1 |       0 |      40 |   0.0 |       0 |      21 |   0.0 |   689
           D:2 |       0 |      78 |   0.0 |       0 |      13 |   0.0 |   887
           D:3 |       0 |     295 |   0.0 |       0 |      33 |   0.0 |  1243
           D:4 |       0 |     112 |   0.0 |       0 |      11 |   0.0 |  1270
           D:5 |       0 |     568 |   0.0 |       0 |      21 |   0.0 |   658
           D:6 |       0 |     635 |   0.0 |       0 |       8 |   0.0 |   769
           D:7 |       0 |     668 |   0.0 |       0 |      16 |   0.0 |   703
           D:8 |       0 |    3748 |   0.0 |       0 |      41 |   0.0 |  1635
           D:9 |       0 |    2982 |   0.0 |       0 |      39 |   0.0 |  1458
          D:10 |       0 |     978 |   0.0 |       0 |      10 |   0.0 |    39
        Lair:1 |       0 |    4990 |   0.0 |       0 |      18 |   0.0 |  1142
        Lair:2 |       0 |    5464 |   0.0 |       0 |      21 |   0.0 |   529
       Ossuary |       0 |     413 |   0.0 |       0 |      39 |   0.0 |  1074
               +---------+---------+-------+---------+---------+-------+---------
